 Dungeon Crawl Stone Soup version 0.21.1-1-g345015f (webtiles) character file.

10407 kae the Fencer (level 11, -2/153 HPs)
             Began as a Minotaur Fighter on June 18, 2018.
             Was a Priest of Makhleb.
             Slain by a yak (7 damage)
             ... on level 10 of the Dungeon.
             The game lasted 00:10:07 (9966 turns).

kae the Fencer (Minotaur Fighter)                   Turns: 9966, Time: 00:10:08

Health: -2/153     AC: 25    Str: 21 (24) XL:     11   Next: 35%
Magic:  0/10       EV:  2    Int:  3 (6)  God:    Makhleb [***...]
Gold:   462        SH:  7    Dex: 12 (14) Spells: 10/10 levels left

rFire    + . .     SeeInvis .   p - +0 falchion
rCold    + . .     Gourm    .   c - +0 shield
rNeg     + + +     Faith    .   (armour currently unavailable)
rPois    +         Spirit   +   (helmet currently unavailable)
rElec    +         Reflect  .   (cloak currently unavailable)
rCorr    +         Harm     .   (gloves currently unavailable)
MR       .....     NoTele   +   (boots currently unavailable)
Stlth    +++.......             n - amulet of guardian spirit
HPRegen  0.35/turn              h - ring of stealth
MPRegen  0.12/turn              (no ring)

@: agile, tree-form, resistant, extremely drained
A: (retaliatory headbutt), low mp 1
a: Minor Destruction, Lesser Servant of Makhleb, Renounce Religion


You were on level 10 of the Dungeon.
You worshipped Makhleb.
Makhleb was most pleased with you.
You were near starving.
You were a tree.
You visited 2 branches of the dungeon, and saw 11 of its levels.

You collected 462 gold pieces.

Inventory:

Hand Weapons
 a - a +1 long sword
 p - a +0 falchion (weapon)
Armour
 b - a +0 scale mail (melded)
 c - a +0 shield (worn)
 r - a +1 pair of gloves (melded)
 B - a cursed +1 cloak (melded)
Jewellery
 h - a ring of stealth (left branch)
 n - an amulet of guardian spirit (around neck)
 x - an uncursed amulet of magic regeneration
 H - an uncursed amulet of the gourmand
Wands
 o - a wand of flame (47)
 s - a wand of paralysis (11)
 u - a wand of digging (16)
 E - a wand of acid (17)
Scrolls
 e - 3 scrolls of magic mapping
 m - 2 scrolls of blinking
 t - 3 scrolls of enchant weapon
 w - 3 scrolls of remove curse
 y - 2 scrolls of amnesia
 z - a scroll of fear
Potions
 j - 4 potions of flight
Comestibles
 f - 15 rations


   Skills:
 + Level 11.5(0.0) Fighting
 * Level 15.1(0.0) Long Blades
 + Level 8.9(0.0) Armour
 + Level 7.3(0.0) Dodging
 - Level 3.6(0.0) Shields
 * Level 2.4(0.0) Invocations


You had 10 spell levels left.
You didn't know any spells.

Dungeon Overview and Level Annotations

Branches:
Dungeon (10/15)            Temple (1/1) D:6            Lair (0/6) D:10
    Orc (0/2) D:9

Altars:
Ashenzari
Cheibriados
Dithmenos
Elyvilon
Fedhas
Gozag
Hepliaklqana
Kikubaaqudgha
Makhleb
Nemelex Xobeh
Okawaru
Qazlal
Ru
Sif Muna
Trog
Uskayaw
Vehumet
Wu Jian
Xom
Yredelemnul
Zin
The Shining One

Shops:
D:4 *

Annotations:
D:10 Fannar, Sonja


Innate Abilities, Weirdness & Mutations

((You reflexively headbutt those who attack you in melee.))
((You have a pair of horns on your head.))
((You are partially covered in large bone plates. (SH +4)))
Your magical capacity is low. (-10% MP)
((You are covered in fur. (AC +1)))


Message History

The ice beast hits you but does no damage.
The yak gores you.
* * * LOW HITPOINT WARNING * * *
You hit the yak.
The yak is moderately wounded.
The yak gores you but does no damage. The ice beast completely misses you.
You riposte.
You closely miss the ice beast.
The ice beast is moderately wounded.
The yak gores you but does no damage. x2
The yak bellows!
You hit the yak but do no damage.
The yak is moderately wounded.
You block the ice beast's attack. The yak gores you but does no damage.
The yak completely misses you.
The ice beast hits you but does no damage.
You hit the yak but do no damage.
The yak is moderately wounded.
The yak gores you but does no damage. x2; You block the ice beast's attack.
The yak gores you!
You die...

........ ........
#####+## #......
#...... #......
#......
##############
#..#...
.####.#.......#♣Y#
######'
.....'.(.....#YY#
#.... ..
...#.......YY.#
#....
#'####'#.....§.#..#
#....
...............####
#####...
........#######....
##..##..# ........#
....# #...##..#
........# ....#
#.......# ........#
.Y..#######..##..#


You could see 4 yaks and an ice beast.

Vanquished Creatures
  2 two-headed ogres
  Joseph (D:8)
  Psyche (D:10)
  The ghost of tidbits the Charmwright, a novice GnSk (D:6)
  A troll (D:9)
  A hornet (D:5)
  Grum (D:8)
  2 hungry ghosts
  Edmund (D:4)
  2 water moccasins (D:4)
  Duvessa (D:6)
  4 ice beasts
  A sky beast (D:9)
  3 orc warriors (D:9)
  A black bear (D:8)
  2 phantoms
  An eye of draining (D:9)
  A necrophage (D:9)
  5 ogres
  4 wolves (D:8)
  6 centaurs
  A big kobold (D:9)
  2 bullfrogs
  Dowan (D:6)
  4 scorpions
  4 killer bees
  3 electric eels (D:9)
  9 wights
  2 howler monkeys (D:10)
  A centaur zombie (D:7)
  4 crimson imps
  7 orc priests
  2 hounds
  2 jellies
  A quasit (D:9)
  Crazy Yiuf (D:7)
  12 orc wizards
  3 iguanas
  2 centaur skeletons
  Natasha (D:4)
  6 worker ants
  2 killer bee zombies
  A hound zombie (D:8)
  A worker ant zombie (D:9)
  11 adders
  A howler monkey skeleton (D:7)
  2 adder zombies (D:6)
  2 worms
  A dart slug (D:1)
  3 leopard geckos
  40 orcs
  3 ball pythons
  A giant cockroach (D:2)
  9 goblins
  12 hobgoblins
  20 jackals
  5 quokkas
  A ball python skeleton (D:4)
  9 bats
  6 frilled lizards
  10 kobolds
  A leopard gecko zombie (D:7)
  7 rats
258 creatures vanquished.

Vanquished Creatures (others)
  An orc wizard (D:10)
1 creature vanquished.

Grand Total: 259 creatures vanquished

Notes
Turn   | Place    | Note
-------+----------+-------------------------------------------
     0 | D:1      | kae the Minotaur Fighter began the quest for the Orb.
     0 | D:1      | Reached XP level 1. HP: 19/19 MP: 0/0
   283 | D:1      | Reached XP level 2. HP: 27/27 MP: 1/1
   335 | D:1      | Reached skill level 3 in Long Blades
   369 | D:1      | Reached skill level 1 in Dodging
   547 | D:1      | Reached XP level 3. HP: 33/33 MP: 2/2
   780 | D:2      | Found a glowing silver altar of Zin.
  1043 | D:2      | Reached XP level 4. HP: 36/40 MP: 3/3
  1060 | D:2      | Reached skill level 4 in Long Blades
  1705 | D:3      | Reached XP level 5. HP: 47/47 MP: 4/4
  2402 | D:3      | Found an ornate altar of the Wu Jian Council.
  2793 | D:4      | Reached skill level 5 in Long Blades
  2934 | D:4      | Found Xieran's Serpentskin Sales.
  2934 | D:4      | Noticed a water moccasin
  2934 | D:4      | Noticed a water moccasin
  2943 | D:4      | Killed a water moccasin
  2943 | D:4      | Reached skill level 5 in Fighting
  2943 | D:4      | Reached skill level 5 in Armour
  2943 | D:4      | Reached XP level 6. HP: 17/56 MP: 5/5
  2944 | D:4      | Gained mutation: Your magical capacity is low. (-10% MP) [potion of mutation]
  2944 | D:4      | Gained mutation: You are covered in fur. (AC +1) [potion of mutation]
  2944 | D:4      | Gained mutation: You are partially covered in large bone plates. (SH +4) [potion of mutation]
  2948 | D:4      | Killed a water moccasin
  3168 | D:4      | Noticed Edmund
  3190 | D:4      | Killed Edmund
  3190 | D:4      | Reached skill level 6 in Long Blades
  3190 | D:4      | Reached XP level 7. HP: 56/61 MP: 5/5
  3489 | D:4      | Noticed Natasha
  3494 | D:4      | Killed Natasha
  3798 | D:5      | Entered Level 5 of the Dungeon
  4364 | D:5      | Reached skill level 7 in Long Blades
  4398 | D:5      | Noticed a two-headed ogre
  4405 | D:5      | HP: 3/62 [two-headed ogre/giant spiked club (23)]
  4704 | D:5      | Noticed a hornet
  4721 | D:5      | Killed a hornet
  4721 | D:5      | Reached XP level 8. HP: 54/70 MP: 6/6
  4991 | D:5      | Killed a two-headed ogre
  4991 | D:5      | Reached skill level 8 in Long Blades
  4991 | D:5      | Reached skill level 5 in Dodging
  5275 | D:6      | Reached skill level 10 in Fighting
  5275 | D:6      | Reached skill level 13 in Long Blades
  5275 | D:6      | Reached XP level 9. HP: 86/86 MP: 7/7
  5406 | D:6      | Found a staircase to the Ecumenical Temple.
  5436 | Temple   | Entered the Ecumenical Temple
  5561 | Temple   | Became a worshipper of Makhleb the Destroyer
  5656 | D:6      | Noticed Dowan
  5658 | D:6      | Noticed Duvessa
  5676 | D:6      | Killed Duvessa
  5676 | D:6      | Reached XP level 10. HP: 93/94 MP: 8/8
  5682 | D:6      | Killed Dowan
  5727 | D:6      | Noticed tidbits's ghost (novice GnSk)
  5749 | D:6      | Killed tidbits's ghost
  6030 | D:7      | Reached skill level 14 in Long Blades
  6051 | D:7      | Found a basalt altar of Yredelemnul.
  6341 | D:7      | Reached * piety under Makhleb
  6378 | D:7      | Found a white marble altar of Elyvilon.
  6645 | D:7      | Found a shimmering altar of Xom.
  6647 | D:7      | Found a radiant altar of Vehumet.
  6759 | D:7      | Found a runed door.
  6805 | D:7      | Noticed Crazy Yiuf
  6807 | D:7      | Killed Crazy Yiuf
  7231 | D:8      | Noticed Grum
  7243 | D:8      | Killed Grum
  7280 | D:8      | Reached ** piety under Makhleb
  7537 | D:8      | Noticed a two-headed ogre
  7552 | D:8      | Killed a two-headed ogre
  7688 | D:8      | Noticed Joseph
  8024 | D:8      | Killed Joseph
  8114 | D:8      | Reached XP level 11. HP: 102/102 MP: 8/8
  8507 | D:9      | Found a stormy altar of Qazlal.
  8596 | D:9      | Reached *** piety under Makhleb
  8612 | D:9      | Reached skill level 1 in Invocations
  8808 | D:9      | Found a staircase to the Orcish Mines.
  9479 | D:10     | Entered Level 10 of the Dungeon
  9525 | D:10     | Noticed Sonja
  9545 | D:10     | Reached skill level 15 in Long Blades
  9583 | D:10     | Noticed Psyche
  9594 | D:10     | Killed Psyche
  9828 | D:10     | Noticed Fannar
  9856 | D:10     | Found a staircase to the Lair.
  9933 | D:10     | HP: 7/153 [centaur warrior skeleton (2)]
  9945 | D:10     | HP: 5/102 [ice beast[Fannar] (6)]
  9962 | D:10     | HP: 5/153 [yak (8)]
  9966 | D:10     | Slain by a yak

Skill      XL: |  1  2  3  4  5  6  7  8  9 10 11 |
---------------+----------------------------------+-----
Long Blades    | 3 4 5 6 7 13 14 15 | 15.1
Dodging        | 1 2 3 4 5 6 7 |  7.3
Armour         | 4 5 6 7 8 |  8.9
Fighting       | 4 5 6 10 11 | 11.5
Invocations    | 2 |  2.4
Shields        | |  3.6

Action                   |  1- 3 |  4- 6 |  7- 9 | 10-12 || total
-------------------------+-------+-------+-------+-------++-------
Melee: Long sword        |   105 |    19 |       |       ||   124
       Headbutt          |    15 |    23 |    47 |   124 ||   209
       Falchion          |       |   123 |   183 |   697 ||  1003
Invok: Lesser Servant of |       |       |       |     1 ||     1
Evoke: Wand              |       |       |     8 |     4 ||    12
  Use: Scroll            |     3 |     2 |     6 |    11 ||    22
       Potion            |       |     4 |     2 |    15 ||    21
 Stab: Paralysed         |       |       |     3 |       ||     3
  Eat: Chunk             |       |     4 |     4 |    13 ||    21
       Ration            |       |     1 |     1 |     1 ||     3
Armor: Scale mail        |    58 |    49 |    45 |   266 ||   418
       Skin              |       |       |       |   186 ||   186
Dodge: Dodged            |    36 |    33 |    42 |   222 ||   333
Block: Shield            |    83 |    67 |   132 |   486 ||   768
       Rpst.: Long sword |     6 |     2 |       |       ||     8
       Falchion          |       |     8 |    10 |    49 ||    67
